 Dungeon Sprint DCSS version 0.30-a0-34-gbe8da3892a (webtiles) character file.

Game seed: 4605958705206619725

1880 mhtbhm the Eclecticist (level 8, 0/39 (41) HPs)
             Began as a Deep Elf Fire Elementalist on Aug 27, 2022.
             Was a Priest of Vehumet.
             Slain by an orc knight
             ... wielding a +3 bardiche of venom
              (24 damage)
             ... in the Dungeon (Sprint III: "The Ten Rune Challenge").
             The game lasted 00:02:49 (1450 turns).

mhtbhm the Eclecticist (Deep Elf Fire Elementalist) Turns: 1450, Time: 00:02:50

HP:   0/39 (41)     AC:  2    Str:  5    XL:     8   Next: 91%
MP:   24/30         EV: 14    Int: 23    God:    Vehumet [***...]
Gold: 31            SH:  0    Dex: 15    Spells: 20/39 levels left

rFire   . . .      SeeInvis .    (no weapon)
rCold   . . .      Faith    .    (no shield)
rNeg    . . .      Spirit   .    a - +0 robe
rPois   .          Reflect  .    (no helmet)
rElec   .          Harm     .    (no cloak)
rCorr   .          Rampage  .    (no gloves)
Will    .....      NoTele   +    (no boots)
Stlth   +++.......               (no amulet)
HPRegen 0.13/turn                (no ring)
MPRegen 0.22/turn                (no ring)

@: lightly drained
A: no striking features
a: Renounce Religion


You were in the Dungeon.
You worshipped Vehumet.
Vehumet was most pleased with you.
You visited 1 branch You collected 31 gold pieces.

Inventory:

Armour
 a - a +0 robe (worn)
Wands
 l - a wand of paralysis (6)
Scrolls
 g - 2 scrolls of blinking
 i - a scroll of immolation
 j - a scroll of identify {unknown}
Potions
 b - 3 potions of magic
 d - 2 potions of heal wounds
 e - a potion of haste
 f - a potion of berserk rage
 h - 4 potions of mutation {unknown}
 k - 4 potions of flight
Miscellaneous
 m - a lightning rod (4/4)


   Skills:
 + Level 5.6 Dodging
 + Level 5.2 Stealth
 + Level 16.4 Spellcasting
 + Level 4.3 Conjurations
 + Level 15.3 Fire Magic


You had 20 spell levels left.
You knew the following spells:

 Your Spells              Type           Power      Damage    Failure   Level
a - Foxfire               Conj/Fire      100%       2x1d9     1%          1
b - Scorch                Fire           100%       2d10      0%          2
c - Conjure Flame         Conj/Fire      59%        6-21      1%          3
d - Inner Flame           Hex/Fire       53%        N/A       1%          3
e - Flame Wave            Conj/Fire      59%        2d14      1%          4
f - Swiftness             Air            18%        N/A       9%          3
g - Mephitic Cloud        Conj/Pois/Air  25%        N/A       1%          3

Your spell library contained the following spells:

 Spells                   Type           Power      Damage    Failure   Level
 Shock                    Conj/Air       100%       1d9       1%          1
 Airstrike                Air            9%         2d(2-18)  8%          4


Dungeon Overview and Level Annotations

Branches:
Dungeon (1/1)

Altars:
Cheibriados
Dithmenos
Elyvilon
Fedhas
Gozag
Hepliaklqana
Kikubaaqudgha
Makhleb
Nemelex Xobeh
Okawaru
Qazlal
Ru
Sif Muna
Trog
Uskayaw
Vehumet
Wu Jian
Xom
Yredelemnul
Zin
The Shining One
Jiyva
Lugonu

Shops:
D !


Message History

Moving in this stuff is going to be slow.
Things that are here:
a +1 scimitar of flaming; a +0 robe; the human corpse of Erica
Things that are here:
a +1 scimitar of flaming; a +0 robe; the human corpse of Erica
As you read the scroll labelled NIFUBOPS PEET, it crumbles to dust.
The air around you briefly surges with heat, but it dissipates.
It was a scroll of immolation.
You open the door.
Found 34 gold pieces.
Found Asotiz's Distillery.
An orc comes into view. It is wielding a +0 hand axe.
Found 1509 gold pieces.
There is an open door to the Orcish Mines here.
An orc and an orc sorcerer come into view.
Found 13 gold pieces.
The orc sorcerer shouts!
You hear a shout!
The orc shouts!
You hear a shout! x9
An orc warrior comes into view. It is wielding a +0 war axe.
An orc knight comes into view. It is wielding a +3 bardiche of venom.
You hear a shout!
An orc wizard comes into view. It is wielding a +2 dagger of draining.
You see here 10 gold pieces.
Casting: Flame Wave (dangerous; 1% risk of failure)
Confirm with . or Enter, or press ? or * to list all spells.
Casting: Flame Wave (dangerous; 1% risk of failure)
Press: ? - help, Dir - look around, f - activate A wave of flame ripples out! (Press . to intensify the flame waves.)
You hear a shout! x2
The orc sorcerer casts a spell at you. The bolt of negative energy hits you!
You feel drained.
A wave of flame ripples out!
The flame wave engulfs the orc knight but does no damage.
The flame wave engulfs the orc sorcerer!
The orc sorcerer is moderately wounded.
Vehumet accepts your kill.
Vehumet is now aiding your destructive spells.
You feel a bit more experienced.
The orc knight hits you from afar with a +3 bardiche of venom!!
Ouch! That really hurt!
You die...

▓▓▓ ▓▓▓ ▓▓
##.############$####$
##..#___#___#__#∩$$#$
.#..#...#__)#._#$.o.
.#..###'#'###'##$.o
'#..#.)........#o.
#...'.⌠........#o#
#...#...######'#@#
....#.⌠.#__#...#'#####
....#...#__#...#§§)~~+
....#)###__#...#§#§~~#
....#...#__#...'.#.§.#
....#___#__'...#.#§§.#
▓▓▓▓▓▓▓▓▓▓▓▓▓▓▓▓▓▓▓▓▓▓


You could see an orc knight, an orc sorcerer, an orc wizard and an orc.

Vanquished Creatures
  Erica (D)
  A deep elf pyromancer (D)
  A shadow (D)
  A spatial vortex (D)
  A water elemental (D)
  A necrophage (D)
  A scorpion (D)
  A jelly (D)
  Jessica (D)
  A wizard (D)
  A necromancer (D)
  3 humans (D)
  A kobold demonologist (D)
  An orc (D)
  An endoplasm (D)
  2 rats (D)
19 creatures vanquished.

Vanquished Creatures (others)
  14 foxfires (D)
  A plant (D)
15 creatures vanquished.

Grand Total: 34 creatures vanquished

Notes
Turn   | Place    | Note
-------+----------+-------------------------------------------
     0 | D        | mhtbhm the Deep Elf Fire Elementalist began the quest for
                  | the Orb.
     0 | D        | Reached XP level 1. HP: 10/10 MP: 6/6
   182 | D        | Noticed Jessica
   188 | D        | Killed Jessica
   189 | D        | Reached skill level 4 in Spellcasting
   189 | D        | Reached skill level 5 in Fire Magic
   189 | D        | Reached XP level 2. HP: 10/15 MP: 2/9
   257 | D        | Reached XP level 3. HP: 16/19 MP: 8/11
   294 | D        | Learned a level 2 spell: Scorch
   298 | D        | Learned a level 3 spell: Conjure Flame
   302 | D        | Learned a level 3 spell: Inner Flame
   312 | D        | Noticed a scorpion
   314 | D        | Killed a scorpion
   315 | D        | Reached skill level 6 in Spellcasting
   315 | D        | Reached XP level 4. HP: 24/24 MP: 8/14
   324 | D        | Learned a level 4 spell: Flame Wave
   462 | D        | Noticed a water elemental
   469 | D        | Killed a water elemental
   470 | D        | Reached skill level 7 in Spellcasting
   470 | D        | Reached XP level 5. HP: 28/28 MP: 2/17
   608 | D        | Found a radiant altar of Vehumet.
   608 | D        | Found a shimmering blue altar of Sif Muna.
   608 | D        | Found an ancient bone altar of Kikubaaqudgha.
   611 | D        | Reached skill level 8 in Spellcasting
   726 | D        | Became a worshipper of Vehumet
   731 | D        | Learned a level 3 spell: Swiftness
   858 | D        | Found a basalt altar of Yredelemnul.
   858 | D        | Found a shadowy altar of Dithmenos.
   858 | D        | Found a sacrificial altar of Ru.
   860 | D        | Reached skill level 5 in Stealth
   860 | D        | Reached skill level 9 in Spellcasting
   863 | D        | Reached skill level 5 in Dodging
   863 | D        | Reached skill level 10 in Fire Magic
   863 | D        | Reached XP level 6. HP: 23/32 MP: 10/20
   949 | D        | Found a glowing silver altar of Zin.
   949 | D        | Found a glowing golden altar of the Shining One.
   949 | D        | Found a white marble altar of Elyvilon.
   949 | D        | Noticed a deep elf pyromancer
   955 | D        | Killed a deep elf pyromancer
   955 | D        | Reached * piety under Vehumet
   955 | D        | Offered knowledge of Freeze by Vehumet.
   956 | D        | Reached skill level 13 in Spellcasting
   956 | D        | Reached XP level 7. HP: 25/36 MP: 13/25
  1045 | D        | Found a hide-covered altar of Uskayaw.
  1045 | D        | Found an iron altar of Okawaru.
  1045 | D        | Found a bloodstained altar of Trog.
  1045 | D        | Found an ornate altar of the Wu Jian Council.
  1045 | D        | Noticed a human
  1045 | D        | Noticed a human
  1050 | D        | Killed a human
  1051 | D        | Killed a human
  1052 | D        | Reached skill level 14 in Spellcasting
  1052 | D        | Reached XP level 8. HP: 26/41 MP: 17/28
  1178 | D        | Offered knowledge of Poisonous Vapours by Vehumet.
  1178 | D        | Reached ** piety under Vehumet
  1261 | D        | Found a blossoming altar of Fedhas.
  1261 | D        | Found a stormy altar of Qazlal.
  1262 | D        | Found a snail-covered altar of Cheibriados.
  1262 | D        | Found a burning altar of Makhleb.
  1262 | D        | Found a hazy altar of Hepliaklqana.
  1262 | D        | Found a shimmering altar of Xom.
  1262 | D        | Found an opulent altar of Gozag.
  1262 | D        | Found a sparkling altar of Nemelex Xobeh.
  1262 | D        | Found a corrupted altar of Lugonu.
  1262 | D        | Found a viscous altar of Jiyva.
  1381 | D        | Noticed Erica
  1392 | D        | Killed Erica
  1392 | D        | Offered knowledge of Mephitic Cloud by Vehumet.
  1393 | D        | Reached skill level 16 in Spellcasting
  1393 | D        | Reached skill level 15 in Fire Magic
  1440 | D        | Learned a level 3 spell: Mephitic Cloud
  1446 | D        | Found Asotiz's Distillery.
  1448 | D        | Noticed an orc sorcerer
  1448 | D        | Noticed an orc knight
  1450 | D        | Reached *** piety under Vehumet
  1450 | D        | Slain by an orc knight

Illustrated notes

Levels and vault maps discovered:
D:        dungeon_sprint_mu [sprint_mu_entry_cave, sprint_mu_temple_rooms,
          sprint_mu_d1_horrors, sprint_mu_d2_genie, sprint_mu_d3_branching,
          sprint_mu_orc_legion, sprint_mu_elf_gauntlet, sprint_mu_hive_nellie,
          sprint_mu_lair_fedhas, sprint_mu_vaults_butterflies,
          sprint_mu_slime_circle, sprint_mu_swamp_cave, sprint_mu_snake_twists,
          sprint_mu_blade_basic, sprint_mu_crypt_lich, sprint_mu_tomb_spiral,
          sprint_mu_vestibule_basic, sprint_mu_gehenna_hellfire,
          sprint_mu_dis_giant, sprint_mu_tartarus_statrot,
          sprint_mu_cocytus_islands, sprint_mu_zot1]

Skill      XL: |  1  2  3  4  5  6  7  8 |
---------------+-------------------------+-----
Dodging        | 3 4 5 |  5.6
Stealth        | 3 4 5 |  5.2
Spellcasting   | 4 6 7 9 13 14 16 | 16.4
Fire Magic     | 5 7 8 10 12 13 15 | 15.3
Conjurations   | 2 3 4 |  4.3

Action                   |  1- 3 |  4- 6 |  7- 9 || total
-------------------------+-------+-------+-------++-------
 Cast: Foxfire           |    11 |       |       ||    11
       Scorch            |     2 |    19 |     7 ||    28
       Flame Wave        |       |     1 |     8 ||     9
  Use: Scroll            |       |       |     1 ||     1
       Potion            |       |       |     1 ||     1
Armor: Robe              |       |     1 |     2 ||     3
Dodge: Dodged            |     4 |     7 |     2 ||    13

Table legend: (Time is in decaauts)
 A = Elapsed time spent in this place.
 B = Non-inter-level travel time spent in this place.
 C = Inter-level travel time spent in this place.
 D = Time resting spent in this place.
 E = Time spent auto-exploring this place.
 F = Levels seen in this place.
 G = Mean time per level.
                   A        B        C        D        E       F      G
               +--------+--------+--------+--------+--------+-----+--------+
         Total |   1451 |   1451 |      0 |   1151 |     20 |   1 | 1451.0 |
       Dungeon |   1451 |   1451 |      0 |   1151 |     20 |   1 | 1451.0 |
               +--------+--------+--------+--------+--------+-----+--------+

Top non-repeatable levels by time:
       D: 1451 daAuts
